 Dungeon Crawl Stone Soup version 0.18.1-48-g4cf74bf (webtiles) character file.

3644 Gargoyl the Protected (level 9, -1/63 HPs)
             Began as a Demonspawn Abyssal Knight on Aug 10, 2016.
             Was a High Priest of Lugonu.
             Slain by Gottschkopf's ghost (11 damage)
             ... on level 7 of the Dungeon.
             The game lasted 00:19:39 (7800 turns).

Gargoyl the Protected (Demonspawn Abyssal Knight)   Turns: 7800, Time: 00:19:40

Health: -1/63      AC: 19    Str: 12 (13) XL:     9   Next: 88%
Magic:  11/11      EV:  8    Int: 14 (16) God:    Lugonu [*****.]
Gold:   332        SH: 13    Dex: 15 (16) Spells: 0 memorised, 8 levels left

rFire  . . .     SeeInvis .     m - +0 war axe
rCold  . . .     Gourm    .     H - +0 plate armour
rNeg   . . .     Faith    .     G - +0 shield
rPois  .         Spirit   .     k - +0 helmet
rElec  .         Dismiss  .     (no cloak)
rCorr  .         Reflect  +     d - +1 pair of gloves
SustAt .         Harm     .     (no boots)
MR     .....     Rnd*Tele +     h - +4 amulet of reflection
Stlth  ..........               (no ring)
                                (no ring)

@: agile, liquid flames, glowing, not resistant to hostile enchantments,
extremely unstealthy
A: claws 2, rough black scales 2, clever 1, deformed body, frail 1, spiny 1,
teleportitis 1, weak 1, evolution 1, rot immunity
a: Depart the Abyss, Bend Space, Banish, Corrupt, Enter the Abyss, Renounce
Religion


You were on level 7 of the Dungeon.
You worshipped Lugonu.
Lugonu was extremely pleased with you.
You were not hungry.

You visited 1 branch of the dungeon, and saw 7 of its levels.
You visited the Abyss 1 time.
You also visited: Sewer.

You collected 332 gold pieces.

Inventory:

Hand Weapons
 e - a +0 spear
 m - a +0 war axe (weapon)
Missiles
 i - 5 tomahawks (quivered)
 o - 5 javelins
Armour
 d - a +1 pair of gloves (worn)
 k - a +0 helmet (worn)
 G - a +0 shield (worn)
 H - a +0 plate armour (worn)
Jewellery
 h - a +4 amulet of reflection (around neck)
 y - an uncursed ring of flight
Wands
 D - a wand of iceblast (5/15)
 F - a wand of confusion (16/48)
Scrolls
 g - 6 scrolls of remove curse
 n - a scroll of identify
 r - 2 scrolls of blinking
 v - 2 scrolls of teleportation
 B - a scroll of fear
Potions
 f - 2 potions of haste
 j - 3 potions of brilliance
Books
 l - an Akashic Record

   Spells                             Type                      Level
   a - Dispersal                      Translocation                6
   b - Malign Gateway                 Summoning/Translocation      7
   c - Disjunction                    Translocation                8
   d - Controlled Blink               Translocation                8
Comestibles
 a - 2 chunks of flesh
 b - 8 fruits
 c - 4 bread rations
 s - a royal jelly
 t - 2 beef jerkies
 x - 3 meat rations
 C - a slice of pizza


   Skills:
 + Level 6.3 Fighting
 + Level 5.0 Axes
 * Level 9.1 Armour
 + Level 4.3 Dodging
 + Level 1.2 Stealth
 + Level 3.5 Shields
 + Level 3.7 Invocations


You had 8 spell levels left.
You didn't know any spells.

Dungeon Overview and Level Annotations

Branches:
Dungeon (7/15)             Temple (0/1) D:6

Altars:
Ashenzari
Dithmenos
Elyvilon
Makhleb
Qazlal
Sif Muna
Trog
Xom
The Shining One

Annotations:
D:7 Gottschkopf's ghost, novice DEFE


Innate Abilities, Weirdness & Mutations

You have very sharp fingernails.
You are mostly covered in rough black scales (AC +7, Dex -2).
You are partially covered in sharp spines.
You are immune to rotting.
Your mind is acute. (Int +2)
Armour fits poorly on your strangely shaped body.
You are frail (-10% HP).
You are occasionally teleported next to monsters.
You are weak. (Str -2)
You evolve.


Message History

The sticky flame hits you!
You are covered in liquid flames!
Press: ? - help, Shift-Dir - straight line, f - Gottschkopf's ghost
Aim: Gottschkopf's ghost, wielding a weapon of electrocution (moderately damaged, chance to defeat MR: 50%)
You fail to use your ability.
You are covered in liquid flames!
Gottschkopf's ghost hits you but does no damage.
Press: ? - help, Shift-Dir - straight line, f/p - Gottschkopf's ghost
Aim: Gottschkopf's ghost, wielding a weapon of electrocution (moderately damaged, chance to defeat MR: 50%)
You fail to use your ability.
You are covered in liquid flames!
Gottschkopf's ghost hits you but does no damage.
You closely miss Gottschkopf's ghost.
Gottschkopf's ghost is moderately damaged.
You are covered in liquid flames!
* * * LOW HITPOINT WARNING * * *
Gottschkopf's ghost is struck by your spines.
Gottschkopf's ghost hits you but does no damage.
You are electrocuted!
You die...

.....# #.#######
.....###(......#
...............#
.....#.........#
.......#####.###
..............#
.....#######..#
# ...###
#..####.### .###
#....@W...# #
###..........
##..._.....
#.........
##........
##$#.....
.#..... .#.....


You could see Gottschkopf's ghost.

Vanquished Creatures
  The ghost of ayyllmao the Poker, an amateur MiBe of Trog (D:4)
  A troll (D:6)
  A hungry ghost (D:6)
  2 water moccasins
  2 orc warriors (D:6)
  Purgy (Sewer)
  4 phantoms
  A black bear (D:4)
  An ogre (D:5)
  3 centaurs
  4 giant frogs (D:6)
  A water moccasin skeleton (D:6)
  2 scorpions (D:5)
  A vampire bat (D:3)
  7 crimson imps
  A giant frog zombie (D:5)
  5 orc priests
  A centaur skeleton (D:4)
  4 hounds
  4 orc wizards
  A giant frog skeleton (D:7)
  6 worker ants
  A hound skeleton (D:4)
  11 adders
  8 gnolls (D:5)
  A shadow imp (D:5)
  3 worms
  4 dart slugs
  3 fire bats (D:3)
  6 giant geckos
  23 orcs
  2 spectral bats (D:3)
  3 bat skeletons (D:3)
  A bat zombie (D:3)
  8 giant cockroaches
  11 goblins
  7 hobgoblins
  A jackal (D:6)
  2 quokkas
  4 ball pythons
  17 bats
  A bat simulacrum (D:3)
  A giant gecko zombie (D:6)
  6 giant newts
  8 kobolds
  A quokka skeleton (D:4)
  4 rats
191 creatures vanquished.

Vanquished Creatures (others)
  2 orc warriors (D:6)
2 creatures vanquished.

Grand Total: 193 creatures vanquished

Notes
Turn   | Place    | Note
--------------------------------------------------------------
     0 | Abyss:1  | Gargoyl the Demonspawn Abyssal Knight began the quest for the Orb.
     0 | Abyss:1  | Reached XP level 1. HP: 18/18 MP: 2/2
    48 | Abyss:1  | Noticed an ice beast
    60 | Abyss:1  | Noticed a large abomination
    66 | Abyss:1  | Noticed a small abomination
    80 | Abyss:1  | Noticed a large abomination
    89 | Abyss:1  | Noticed a large abomination
    97 | D:1      | Escaped the Abyss
   335 | D:1      | Reached * piety under Lugonu
   335 | D:1      | Reached skill level 2 in Armour
   433 | D:1      | Gained mutation: You are partially covered in sharp spines. [demonic ancestry]
   433 | D:1      | Reached XP level 2. HP: 24/24 MP: 3/3
   439 | D:1      | Reached skill level 1 in Dodging
  1349 | D:2      | Reached XP level 3. HP: 28/29 MP: 4/4
  1788 | D:2      | Reached ** piety under Lugonu
  2035 | D:3      | Found a glowing drain.
  2037 | D:3      | Gained mutation: You are partially covered in rough black scales (AC +4, Dex -1). [demonic ancestry]
  2037 | D:3      | Reached XP level 4. HP: 36/36 MP: 6/6
  2053 | Sewer    | Entered a sewer
  2163 | Sewer    | Noticed Purgy
  2170 | Sewer    | Killed Purgy
  2170 | Sewer    | Reached skill level 3 in Armour
  2170 | Sewer    | Gained mutation: You are mostly covered in rough black scales (AC +7, Dex -2). [demonic ancestry]
  2170 | Sewer    | Reached XP level 5. HP: 36/42 MP: 7/7
  2465 | D:3      | Found a burning altar of Makhleb.
  2836 | D:3      | Gained mutation: You have sharp fingernails. [demonic ancestry]
  2836 | D:3      | Reached XP level 6. HP: 37/48 MP: 8/8
  2960 | D:3      | Reached *** piety under Lugonu
  2967 | D:3      | Reached skill level 4 in Armour
  3269 | D:4      | Found a white marble altar of Elyvilon.
  3318 | D:4      | Reached XP level 7. HP: 55/55 MP: 9/9
  3337 | D:4      | Reached skill level 5 in Armour
  3503 | D:4      | Found a deep blue altar of Sif Muna.
  3580 | D:4      | Reached **** piety under Lugonu
  3637 | D:4      | Noticed ayyllmao's ghost (amateur MiBe)
  3704 | D:4      | Killed ayyllmao's ghost
  3928 | D:4      | Reached skill level 6 in Armour
  3928 | D:4      | Gained mutation: You are immune to rotting. [demonic ancestry]
  3928 | D:4      | Reached XP level 8. HP: 58/61 MP: 10/10
  4479 | D:5      | Entered Level 5 of the Dungeon
  4519 | D:5      | Reached skill level 5 in Fighting
  4874 | D:5      | Found a shadowy altar of Dithmenos.
  4980 | D:5      | Found a stormy altar of Qazlal.
  5018 | D:5      | Reached skill level 7 in Armour
  5819 | D:6      | Reached skill level 1 in Shields
  5819 | D:6      | Gained mutation: You have very sharp fingernails. [demonic ancestry]
  5819 | D:6      | Reached XP level 9. HP: 68/68 MP: 11/11
  5839 | D:6      | Reached skill level 1 in Stealth
  5860 | D:6      | Noticed a troll
  5866 | D:6      | Reached skill level 8 in Armour
  5877 | D:6      | Killed a troll
  6446 | D:6      | Found a glowing golden altar of the Shining One.
  6523 | D:6      | Found a staircase to the Ecumenical Temple.
  6567 | D:6      | Found a shattered altar of Ashenzari.
  6707 | D:6      | Gained mutation: You are occasionally teleported next to monsters. [potion of mutation]
  6707 | D:6      | Gained mutation: Your mind is acute. (Int +2) [potion of mutation]
  6707 | D:6      | Gained mutation: Armour fits poorly on your strangely shaped body. [potion of mutation]
  6910 | D:6      | Gained mutation: You evolve. [potion of mutation]
  6910 | D:6      | Gained mutation: You are frail (-10% HP). [potion of mutation]
  6911 | D:6      | Gained mutation: Your spells are a little harder to cast, but a little more powerful. [potion of mutation]
  6911 | D:6      | Gained mutation: You are weak. (Str -2) [potion of mutation]
  6911 | D:6      | Lost mutation: Your spells are a little harder to cast, but a little more powerful. [potion of mutation]
  6992 | D:6      | Reached ***** piety under Lugonu
  6998 | D:6      | Reached skill level 5 in Axes
  7071 | D:6      | Reached skill level 9 in Armour
  7357 | D:6      | Found a bloodstained altar of Trog.
  7788 | D:7      | Found a shimmering altar of Xom.
  7788 | D:7      | Noticed Gottschkopf's ghost (novice DEFE)
  7800 | D:7      | Slain by Gottschkopf's ghost

Skill      XL: |  1  2  3  4  5  6  7  8  9 |
---------------+----------------------------+-----
Armour         | 2 3 4 6 7 9 |  9.1
Dodging        | 1 2 3 4 |  4.3
Axes           | 2 3 4 5 |  5.0
Invocations    | 3 |  3.7
Fighting       | 4 5 6 |  6.3
Shields        | 1 3 |  3.5
Stealth        | 1 |  1.2

Action                   |  1- 3 |  4- 6 |  7- 9 || total
-------------------------+-------+-------+-------++-------
Melee: Hand axe          |    73 |    93 |   380 ||   546
       War axe           |       |       |    77 ||    77
Throw: Tomahawk          |       |       |     1 ||     1
Invok: Depart the Abyss  |     1 |       |       ||     1
       Banish            |       |       |     2 ||     2
  Use: Scroll            |     7 |     2 |    10 ||    19
       Potion            |       |       |    15 ||    15
  Eat: Chunk             |     3 |     5 |    18 ||    26
Armor: Leather armour    |    17 |       |       ||    17
       Chain mail        |    18 |    79 |   112 ||   209
       Plate armour      |       |       |   165 ||   165
Dodge: Dodged            |    30 |    36 |    92 ||   158
Block: Other             |     2 |    18 |    34 ||    54
       Reflection        |       |       |    20 ||    20
       Shield            |       |       |   200 ||   200
